 Dungeon Crawl Stone Soup version 0.28.0-53-g5a82cb258f (webtiles) character file.

Game seed: 17091094331731880579

93 PhantomBowie the Covered (level 4, -5/29 HPs)
             Began as a Gargoyle Fighter on June 4, 2022.
             Was an Initiate of Okawaru.
             Killed by divine providence
             ... invoked by an orc priest
              (16 damage)
             ... on level 3 of the Dungeon.
             The game lasted 00:07:21 (1971 turns).

PhantomBowie the Covered (Gargoyle Fighter)         Turns: 1971, Time: 00:07:24

Health: -5/29      AC: 13    Str: 22    XL:     4   Next: 62%
Magic:  4/4        EV:  7    Int:  8    God:    Okawaru [......]
Gold:   76         SH:  4    Dex:  9    Spells: 3/3 levels left

rFire   . . .      SeeInvis .   a - +0 flail
rCold   . . .      Faith    .   c - +0 buckler
rNeg    + . .      Spirit   .   f - +0 chain mail
rPois   ∞          Reflect  .   (no helmet)
rElec   +          Harm     .   (no cloak)
rCorr   .          Rampage  .   (no gloves)
Will    .....                   (no boots)
Stlth   ..........              (no amulet)
HPRegen 0.09/turn               (no ring)
MPRegen 0.09/turn               (no ring)

@: no status effects
A: sickness immunity, AC +3, negative energy resistance 1, electricity
resistance, torment resistance 1, petrification resistance
a: Renounce Religion


You were on level 3 of the Dungeon.
You worshipped Okawaru.
Okawaru was noncommittal.
You visited 1 branch of the dungeon, and saw 3 of its levels.

You collected 76 gold pieces.

Inventory:

Hand Weapons
 a - a +0 flail (weapon)
Missiles
 k - 6 javelins (quivered)
Armour
 c - a +0 buckler (worn)
 f - a +0 chain mail (worn)
Jewellery
 n - a +6 ring of intelligence
Scrolls
 b - a scroll of magic mapping {unknown}
 e - a scroll of immolation {unknown}
 g - 2 scrolls of fear {unknown}
 h - a scroll of blinking {unknown}
 l - 2 scrolls of identify {unknown}
 m - a scroll of summoning {unknown}
 o - a scroll of noise {unknown}
 q - a scroll of teleportation {unknown}
Potions
 d - a potion of might
 i - a potion of cancellation {unknown}
 j - a potion of magic {unknown}
 p - a potion of haste {unknown}


   Skills:
 + Level 4.0 Fighting
 + Level 2.9 Maces & Flails
 + Level 4.1 Armour
 + Level 4.0 Shields


You had 3 spell levels left.
You didn't know any spells.
Your spell library contained the following spells:

 Spells                   Type           Power      Damage    Failure   Level
 Inner Flame              Hex/Fire       0%         N/A       100%        3
 Cause Fear               Hex            0%         N/A       100%        4
 Discord                  Hex            0%         N/A       100%        8


Dungeon Overview and Level Annotations

Branches:
Dungeon (3/15)

Altars:
Okawaru

Shops:
D:2 [


Innate Abilities, Weirdness & Mutations

You are immune to sickness and miasma.
Your stone body is resilient. (AC +3)
You are immune to poison.
You resist negative energy. (rN+)
You are resistant to electric shocks. (rElec)
You are resistant to unholy torment.
You are immune to petrification.


Message History

The orc priest moves out of view.
The orc shouts!
You thump the orc!
You kill the orc!
Okawaru accepts your kill.
You closely miss the orc. The orc hits you with a +0 whip. x2
You sock the orc!
You kill the orc!
Okawaru accepts your kill.
The orc priest looks braver for a moment.
You hit the orc.
The orc is severely wounded.
The orc priest miscasts a cantrip.
You block the orc's attack.
You barely miss the orc.
The orc is severely wounded.
The orc closely misses you. You block the orc's attack.
You barely miss the orc.
The orc is severely wounded.
The orc priest miscasts a cantrip.
The orc barely misses you.
You completely miss the orc.
The orc is severely wounded.
You block the orc's attack.
You thump the orc!
You kill the orc!
Okawaru accepts your kill.
The orc priest mumbles some strange prayers to Beogh against you.
You barely resist. You barely miss the orc priest.
The orc priest hits you but does no damage.
You hit the orc priest but do no damage.
The orc priest barely misses you.
You barely miss the orc priest.
The orc priest mumbles some strange prayers to Beogh against you.
Beogh smites you!
The orc priest calls down the wrath of Beogh upon you.
Beogh smites you!
Ouch! That really hurt!
You die...

#..... .... #....<
.... #..... .....
#..... ....o #.....
.... .# #.....
####..# .. ###.##
.......#####.# #.
###... ........o@.#.#
#.##.....
......####.#.#
..#.#... .....
#...#.# #.#.#... ....
#...#.# #.#.#... ...
#.....### #...#... ##
#...#...####.#)#... #
#.....#............
#.#...#.#............
#.....#.#............


You could see an orc priest.

Vanquished Creatures
  4 adders
  2 dart slugs
  4 orcs (D:3)
  An endoplasm (D:1)
  5 giant cockroaches
  6 goblins
  A hobgoblin (D:2)
  3 kobolds
  5 quokkas
  3 ball pythons
  7 bats
  A frilled lizard (D:1)
  5 rats
47 creatures vanquished.

Notes
Turn   | Place    | Note
-------+----------+-------------------------------------------
     0 | D:1      | PhantomBowie the Gargoyle Fighter began the quest for the
                  | Orb.
     0 | D:1      | Reached XP level 1. HP: 14/14 MP: 1/1
   372 | D:1      | Reached XP level 2. HP: 15/19 MP: 2/2
   717 | D:1      | Reached XP level 3. HP: 23/23 MP: 3/3
  1018 | D:2      | Found an iron altar of Okawaru.
  1026 | D:2      | Became a worshipper of Warmaster Okawaru
  1326 | D:2      | Found Zicreanu's Antique Armour Shop.
  1346 | D:2      | Found a faded altar of an unknown god.
  1516 | D:2      | Reached XP level 4. HP: 28/29 MP: 4/4
  1971 | D:3      | Killed from afar by an orc priest

Illustrated notes

Levels and vault maps discovered:
D:1:      mrwooster_arrival_statue, layout_rooms, roderic_lattice_a
D:2:      layout_basic, serial_shops, shop, chequers_ecumenical_altar_twisty,
          basic_altar
D:3:      layout_rooms, tgw_sif, serial_bayou_crossing, uniq_grinder

Skill      XL: |  1  2  3  4 |
---------------+-------------+-----
Armour         | 4 |  4.1
Fighting       | 4 |  4.0
Shields        | 4 |  4.0
Maces & Flails | |  2.9

Action                   |  1- 3 |  4- 6 || total
-------------------------+-------+-------++-------
Melee: Flail             |   122 |    52 ||   174
Throw: Javelin           |     3 |       ||     3
Armor: Chain mail        |    98 |    26 ||   124
Dodge: Dodged            |    43 |    22 ||    65
Block: Buckler           |    25 |     9 ||    34
